 Dungeon Crawl Stone Soup version 0.31.0-1-g2c135a008e (webtiles) character file.

Game seed: 17294210094070767394

3167 Colgate the Fighter (level 9, -9/71 HPs)
             Began as an Octopode Gladiator on Jan 20, 2024.
             Was an Elder of Okawaru.
             Mangled by a yak (16 damage)
             ... on level 8 of the Dungeon.
             The game lasted 00:29:33 (8471 turns).

Colgate the Fighter (Octopode Gladiator)            Turns: 8471, Time: 00:29:33

Health: -9/71      AC:  1    Str: 13    XL:     9   Next: 94%
Magic:  9/9        EV: 15    Int: 10    God:    Okawaru [****..]
Gold:   134        SH:  0    Dex: 18    Spells: 8/8 levels left

rFire   . . .        b - +2 great sword
rCold   . . .        (shield currently unavailable)
rNeg    . . .        s - +0 hat
rPois   .            f - amulet of the acrobat
rElec   .            (no ring)
rCorr   .            (no ring)
SInv    .            (no ring)
Will    .....        (no ring)
Stlth   ++           (no ring)
HPRegen 0.31/turn    (no ring)
MPRegen 0.11/turn    (no ring)
                     (no ring)

%: acrobat
@: confused, ambrosia-drunk, studying Maces & Flails
A: almost no armour, amphibious, 8 rings, camouflage 1, gelatinous body 1,
(nimble swimmer 1), tentacles
a: Renounce Religion, Heroism, Finesse


You were on level 8 of the Dungeon.
You worshipped Okawaru.
Okawaru was greatly pleased with you.
You visited 2 branches of the dungeon, and saw 9 of its levels.

You collected 297 gold pieces.
You spent 143 gold pieces at shops.
You donated 20 gold pieces to Zin.

Inventory:

Hand Weapons
 a - a +0 long sword
 b - a +2 great sword (weapon)
Missiles
 d - a javelin
 q - 4 silver javelins
 x - 2 throwing nets (quivered) {!f}
Armour
 s - a +0 hat (worn)
Jewellery
 f - an amulet of the acrobat (around mantle)
Talismans
 g - a beast talisman
 t - the serpent talisman of Qakleg {rElec Will+}
   (You found it on level 5 of the Dungeon)

   [serpent talisman]

   rElec:     It insulates you from electricity.
   Will+:     It increases your willpower.
Wands
 l - a wand of flame (25)
 m - a wand of iceblast (5) {@v2}
Scrolls
 c - a scroll of immolation {unknown}
 e - a scroll of vulnerability
 i - a scroll of silence
 k - 2 scrolls of poison
 r - a scroll of torment {unknown}
 u - 2 scrolls of summoning
 v - a scroll of teleportation {unknown}
 w - 3 scrolls of identify {@r1}
Potions
 h - 2 potions of ambrosia
 j - 2 potions of berserk rage
 n - 2 potions of might {@q3}
 o - 2 potions of brilliance
 p - 2 potions of resistance {@q5}


   Skills:
 - Level 10.3 Fighting
 + Level 9.0 Long Blades
 - Level 2.0 Throwing
 - Level 4.2 Dodging
 - Level 2.2 Stealth


You had 8 spell levels left.
You didn't know any spells.
Your spell library contained the following spells:

 Spells                   Type           Power      Damage    Failure   Level
 Apportation              Tloc           0%         N/A       36%         1
 Magic Dart               Conj           0%         1d3       36%         1
 Blink                    Tloc           0%         N/A       50%         2
 Cigotuvi's Dreadful Rot  Necr/Alch/Air  0%         N/A       50%         2
 Jinxbite                 Hex            0%         N/A       50%         2
 Ignite Poison            Fire/Alch      0%         N/A       98%         4
 Alistair's Intoxication  Alch           0%         N/A       100%        5
 Freezing Cloud           Conj/Ice/Air   0%         6-21      100%        5
 Call Imp                 Summ           Unusable   N/A       N/A         2
 Summon Ice Beast         Ice/Summ       Unusable   N/A       N/A         3
 Summon Mana Viper        Hex/Summ       Unusable   N/A       N/A         5
 Monstrous Menagerie      Summ           Unusable   N/A       N/A         7

Dungeon Overview and Level Annotations

Branches:
Dungeon (8/15)             Temple (1/1) D:4
   Lair: D:8-11

Altars:
Ashenzari
Cheibriados
Dithmenos
Elyvilon
Fedhas
Gozag
Hepliaklqana
Kikubaaqudgha
Makhleb
Nemelex Xobeh
Okawaru
Qazlal
Ru
Sif Muna
Trog
Uskayaw
Vehumet
Wu Jian
Xom
Yredelemnul
Zin
The Shining One

Shops:
D:3 [   D:5 *(   D:7 [

Annotations:
D:2 1 runed translucent door, Crazy Yiuf


Innate Abilities, Weirdness & Mutations

You cannot wear most types of armour.
You are amphibious.
You can wear up to eight rings at the same time.
Your skin changes colour to match your surroundings (Stealth+).
Your rubbery body absorbs attacks. (AC +1, EV +1)
((You are camouflaged when in or above water. (Stealth+)))
You have tentacles for arms and can constrict up to eight enemies at once.


Message History

No target in view!
Partly explored, unopened door.
You open the door.
No target in view!
There is an open door here.
A yak comes into view.
As you open the door, it creaks loudly!
The yak bellows!
You hear a bellow!
There is an open door here.
You slice the yak!!
You hear a bellow!
A yak comes into view.
You slice the yak!!
You kill the yak!
Okawaru accepts your kill.
A yak comes into view.
The yak barely misses you.
You barely miss the yak. The yak misses you.
You slice the yak!! The yak gores you! The yak gores you.
You completely miss the yak. You squeeze the yak, but do no damage.
The yak closely misses you. The yak gores you.
You closely miss the yak. The yak gores you. The yak gores you!
You barely miss the yak. The yak misses you. The yak barely misses you.
You slash the yak! Your squeeze misses the yak. The yak misses you. x2
The yak gores you.
You hit the yak. The yak completely misses you. The yak gores you. x2
You barely miss the yak. The yak barely misses you. The yak misses you.
You hit the yak. The yak misses you. The yak barely misses you.
You slice the yak!!
You kill the yak!
Okawaru accepts your kill. The yak gores you!
Your Long Blades skill increases to level 9!
You barely miss the yak. The yak gores you.
* * * LOW HITPOINT WARNING * * *
The yak closely misses you.
You slash the yak! The yak gores you!
* * * LOW HITPOINT WARNING * * *
You are confused.
You feel invigorated. The yak gores you!
You die...

###### .......#
......# ......#
#. ......###
##..#####.......#
.......†#.......#
.......@Y†......#
##..#####.......#
#....####...
#....# #....+
#....#
#######....# ###
..........##
##### #..
..........# #...#
#..


You could see a yak.

Vanquished Creatures
  Maurice (D:7)
  A troll (D:6)
  2 yaks (D:8)
  Menkaure (D:6)
  An ogre (D:6)
  A sky beast (D:6)
  A black bear (D:5)
  2 ice beasts (D:6)
  A centaur (D:6)
  A phantom (D:5)
  A kobold brigand (D:7)
  4 bullfrogs (D:6)
  A gnoll sergeant (D:6)
  3 scorpions
  3 killer bees (D:6)
  4 bombardier beetles
  5 hounds
  An orc priest (D:6)
  4 jellies
  2 iguanas (D:5)
  4 orc wizards
  Robin (D:2)
  4 gnolls
  12 adders
  2 shadow imps (D:5)
  2 white imps
  An ufetubus (D:6)
  A ribbon worm (D:2)
  2 dart slugs
  13 orcs
  7 ball pythons
  5 endoplasms
  11 goblins
  12 hobgoblins
  7 jackals (D:2)
  6 quokkas
  4 bats
  3 frilled lizards
  9 kobolds
  7 rats
153 creatures vanquished.

Notes
Turn   | Place    | Note
-------+----------+-------------------------------------------
     0 | D:1      | Colgate the Octopode Gladiator began the quest for the Orb.
     0 | D:1      | Reached XP level 1. HP: 14/14 MP: 1/1
   132 | D:1      | Reached XP level 2. HP: 19/19 MP: 2/2
   594 | D:1      | Reached XP level 3. HP: 24/24 MP: 3/3
   624 | D:1      | Reached skill level 1 in Stealth
   927 | D:1      | Found a faded altar of an unknown god.
   963 | D:1      | Prayed at the altar of an unknown god.
   963 | D:1      | Became a worshipper of Zin the Law-Giver
   963 | D:1      | Reached * piety under Zin
  1261 | D:2      | Reached ** piety under Zin
  1294 | D:2      | Noticed Robin
  1302 | D:2      | Reached XP level 4. HP: 25/29 MP: 4/4
  1307 | D:2      | Killed Robin
  1401 | D:2      | Reached skill level 5 in Long Blades
  1841 | D:2      | Reached XP level 5. HP: 30/34 MP: 5/5
  2112 | D:2      | Found a runed translucent door.
  2113 | D:2      | Noticed Crazy Yiuf
  2439 | D:3      | Found Vaiv's Antique Armour Shop.
  3451 | D:4      | Reached XP level 6. HP: 40/41 MP: 6/6
  3562 | D:4      | Reached skill level 3 in Fighting
  3835 | D:4      | Found a staircase to the Ecumenical Temple.
  3844 | Temple   | Entered the Ecumenical Temple
  3881 | Temple   | Fell from the grace of Zin
  3881 | Temple   | Became a worshipper of Warmaster Okawaru
  4149 | D:5      | Entered Level 5 of the Dungeon
  4162 | D:5      | Reached skill level 4 in Fighting
  4455 | D:5      | Reached XP level 7. HP: 49/49 MP: 7/7
  4512 | D:5      | Found Suvu's Antique Weapon Shoppe.
  4520 | D:5      | Bought a great sword for 143 gold pieces
  4688 | D:5      | Identified the serpent talisman of Qakleg {rElec Will+}
  4714 | D:5      | Reached skill level 5 in Fighting
  4832 | D:5      | Found Murir's Mass Market.
  5028 | D:5      | Reached * piety under Okawaru
  5029 | D:5      | Reached skill level 6 in Fighting
  5450 | D:6      | Reached skill level 7 in Fighting
  5450 | D:6      | Reached XP level 8. HP: 40/60 MP: 8/8
  5572 | D:6      | Reached ** piety under Okawaru
  5573 | D:6      | Reached skill level 8 in Fighting
  6169 | D:6      | Noticed Menkaure
  6362 | D:6      | Noticed a troll
  6385 | D:6      | Killed a troll
  6386 | D:6      | Reached skill level 9 in Fighting
  6386 | D:6      | Reached XP level 9. HP: 69/69 MP: 9/9
  6441 | D:6      | Reached *** piety under Okawaru
  6493 | D:6      | Killed Menkaure
  6494 | D:6      | Reached skill level 10 in Fighting
  7028 | D:7      | Noticed Maurice
  7080 | D:7      | Maurice stole the serpent talisman of Qakleg {rElec Will+}
  7081 | D:7      | Maurice stole 4 silver javelins
  7084 | D:7      | Killed Maurice
  7479 | D:7      | Found a hide-covered altar of Uskayaw.
  7720 | D:7      | Reached **** piety under Okawaru
  8055 | D:7      | Found Varuos's Armour Shop.
  8470 | D:8      | HP: 3/71 [yak (14)]
  8471 | D:8      | Mangled by a yak

Illustrated notes

Levels and vault maps discovered:
D:1:      dpeg_arrival_subterranean_lakeside_camping, layout_basic,
          basic_ecumenical_altar
D:2:      layout_basic, uniq_robin, uniq_crazy_yiuf_cottage
D:3:      layout_basic, serial_shops, shop
D:4:      layout_basic, minmay_temple_entry_sparse_star
D:5:      layout_cave_pods, serial_shops, shop, minmay_shop_mass
D:6:      minmay_diamond_boxcup, layout_basic, st_stairs_6, minivault_5,
          minmay_misc_feat_cross, uniq_menkaure
D:7:      layout_basic, nicolae_uskayaw_dance_hall, serial_shops,
          nicolae_shop_competitors_out_of_business,
          hangedman_abyss_or_decor_stagger, serial_park_tiny_2, uniq_maurice
D:8:      layout_gridville, kennysheep_generic_room_11, uniq_jeremiah
Temple:   kilobyte_greek_temple

Skill      XL: |  1  2  3  4  5  6  7  8  9 |
---------------+----------------------------+-----
Long Blades    | 4 5 6 9 |  9.0
Stealth        | 1 2 |  2.2
Fighting       | 4 7 9 10 | 10.3
Dodging        | 4 |  4.2
Throwing       | |  2.0

Action                     |  1- 3 |  4- 6 |  7- 9 || total
---------------------------+-------+-------+-------++-------
  Melee: Long sword        |    64 |   123 |       ||   187
         Constrict         |    18 |    31 |    20 ||    69
         Tentacles         |    13 |    23 |    21 ||    57
         Punch             |       |     2 |     4 ||     6
         Great sword       |       |       |   126 ||   126
  Throw: Throwing net      |       |       |     4 ||     4
 Invoke: Recite            |       |     5 |       ||     5
    Use: Scroll            |       |     6 |     6 ||    12
         Potion            |       |       |     1 ||     1
   Stab: Sleeping          |    11 |     7 |    15 ||    33
         Confused          |       |     1 |       ||     1
         Held in net/web   |       |       |     1 ||     1
 Armour: Skin              |    23 |    37 |    61 ||   121
  Dodge: Dodged            |    45 |    78 |   105 ||   228
